AoeStats
← 今夜浓愁未到乡

Arena

509350783Analyzed
4v4 RM · 5d ago on Sep 26, 2026· 40m 36s· 8 players
Game mode
Random Map
Map size
Large (8 player)
Population
200
Speed
Normal
Resources
Standard
Victory
Conquest
Starting age
Dark Age
Ending age
Imperial Age
RankedLock teamsTeams togetherTeam positionsShared explorationLock speedFull tech treeHidden civsTurbo modeCheats
Victory
Defeat
🇦🇷 Spanish · Argentina
1402
+17
1368
+18
🇬🇧 Danes · United Kingdom
1365
+18
🇨🇳 Khmer · China
1358
+19
🇨🇳 Poles · China
1431
-19
🇨🇳 Franks · China
1430
-18
🇨🇳 Italians · China
1410
-18
🇨🇳 Mongols · China
1399
-17
适才相戏尔
5:19 Loom
8:29 Feudal Age
9:04 Double-Bit Axe
12:05 Fletching
12:30 Stone Mining
14:06 Horse Collar
15:15 Gold Mining
22:06 Castle Age
22:59 Bow Saw
24:13 Wheelbarrow
23:46 Bodkin Arrow
24:25 Padded Archer Armor
26:11 Heavy Plow
28:54 Hand Cart
32:38 Imperial Age
31:01 Gold Shaft Mining
31:09 Padded Archer Armor
31:31 Crossbowman
32:20 Thumb Ring
32:34 Leather Archer Armor
32:53 Ballistics
32:44 Arbalester
33:50 Conscription
33:49 Bracer
37:09 Drill
36:16 Onager
37:48 Hoardings
38:41 Chemistry
38:33 Heavy Cavalry Archer
39:38 Parthian Tactics
The Long Dark
10:23 Feudal Age
11:50 Double-Bit Axe
11:59 Stone Mining
14:37 Castle Age
12:23 Horse Collar
15:28 Bow Saw
17:56 Heavy Plow
27:35 Imperial Age
26:12 Wheelbarrow
25:23 Town Watch
25:43 Gold Mining
27:34 Hand Cart
27:31 Padded Archer Armor
27:22 Fletching
28:23 Fortified Wall
27:55 Treadmill Crane
31:00 Chemistry
30:21 Ballistics
大手
10:01 Feudal Age
13:48 Castle Age
12:59 Double-Bit Axe
20:05 Bow Saw
21:15 Wheelbarrow
24:22 Gold Mining
27:51 Imperial Age
25:43 Hand Cart
26:37 Gold Shaft Mining
26:35 Loom
26:39 Town Watch
27:43 Scale Barding Armor
27:49 Forging
27:35 Stone Mining
27:53 Pikeman
27:55 Cavalier
29:33 Chain Barding Armor
29:16 Husbandry
31:39 Conscription
30:55 Halberdier
32:18 Iron Casting
31:43 Scale Mail Armor
31:53 Squires
34:52 Blast Furnace
34:09 Chain Mail Armor
35:15 Ballistics
35:06 Masonry
35:17 Chivalry
34:42 Ordonnance Companies
苟住
10:37 Feudal Age
14:16 Castle Age
12:13 Double-Bit Axe
13:25 Horse Collar
18:14 Bow Saw
20:07 Wheelbarrow
19:20 Loom
20:45 Heavy Plow
22:33 Town Watch
27:42 Imperial Age
26:00 Hand Cart
26:34 Scale Barding Armor
26:55 Forging
26:44 Fletching
27:59 Bloodlines
27:50 Husbandry
28:26 Iron Casting
28:12 Chain Barding Armor
28:06 Gold Mining
27:48 Cavalier
29:20 Crop Rotation
30:08 Blast Furnace
29:31 Town Patrol
30:08 Conscription
31:29 Chemistry
30:38 Szlachta Privileges
31:02 Bodkin Arrow
31:48 Bracer
33:29 Scale Mail Armor
32:51 Pikeman
34:10 Stone Mining
34:36 Chain Mail Armor
34:24 Squires
34:09 Arson
36:58 Plate Mail Armor
docsparkles
10:33 Feudal Age
14:42 Castle Age
13:31 Double-Bit Axe
14:08 Horse Collar
16:13 Bow Saw
20:30 Wheelbarrow
21:16 Heavy Plow
22:52 Loom
25:34 Town Watch
28:45 Imperial Age
26:18 Scale Mail Armor
26:28 Forging
26:06 Pikeman
28:59 Squires
29:16 Chain Mail Armor
29:36 Iron Casting
29:20 Fletching
30:03 Hand Cart
29:48 Town Patrol
29:13 Halberdier
29:40 Arson
29:41 Gambesons
30:29 Conscription
29:32 Northmen's Fury
31:25 Hamask
32:54 Onager
34:45 Blast Furnace
35:55 Chemistry
35:16 Ballistics
35:06 Siege Onager
37:25 Plate Mail Armor
36:51 Bodkin Arrow
38:12 Elite Varangian Guard
Blas de lezo
8:16 Loom
10:34 Feudal Age
11:21 Double-Bit Axe
12:17 Fletching
14:20 Horse Collar
16:10 Wheelbarrow
19:01 Castle Age
19:58 Bow Saw
19:50 Heavy Plow
22:11 Hand Cart
25:45 Gold Mining
25:47 Stone Mining
28:50 Gold Mining
31:29 Stone Shaft Mining
34:28 Imperial Age
33:56 Bodkin Arrow
34:14 Forging
34:09 Scale Barding Armor
34:16 Forging
34:38 Padded Archer Armor
34:02 Light Cavalry
34:52 Bloodlines
34:43 Husbandry
34:58 Bloodlines
34:49 Husbandry
35:33 Conscription
34:33 Elite Conquistador
36:17 Iron Casting
36:03 Chain Barding Armor
36:52 Two-Man Saw
36:06 Hussar
37:19 Leather Archer Armor
38:08 Blast Furnace
38:37 Ring Archer Armor
38:42 Plate Barding Armor
39:17 Bodkin Arrow
40:57 Masonry
41:26 Hoardings
今夜浓愁未到乡
11:10 Feudal Age
14:14 Castle Age
12:00 Double-Bit Axe
11:57 Horse Collar
15:30 Bow Saw
19:07 Wheelbarrow
21:31 Heavy Plow
22:54 Loom
22:58 Town Watch
23:29 Hand Cart
23:26 Gold Mining
27:28 Imperial Age
26:26 Scale Barding Armor
26:31 Forging
27:14 Husbandry
28:01 Chain Barding Armor
28:42 Iron Casting
28:27 Elite Battle Elephant
31:24 Tusk Swords
31:45 Conscription
32:15 Crop Rotation
32:03 Bloodlines
33:57 Chemistry
34:14 Plate Barding Armor
34:40 Blast Furnace
33:41 Padded Archer Armor
35:03 Fletching
36:37 Capped Ram
38:21 Bodkin Arrow
38:28 Town Patrol
根本就没有这样的民族
10:38 Feudal Age
11:28 Double-Bit Axe
11:50 Horse Collar
14:23 Castle Age
15:25 Bow Saw
15:51 Wheelbarrow
18:09 Town Watch
18:53 Gold Mining
22:02 Gold Shaft Mining
22:26 Hand Cart
26:20 Imperial Age
23:56 Squires
25:04 Scale Mail Armor
24:38 Man-at-Arms
25:05 Gambesons
25:21 Long Swordsman
26:43 Chain Mail Armor
26:39 Forging
26:23 Capped Ram
26:26 Two-Handed Swordsman
28:13 Plate Mail Armor
29:08 Forging
29:39 Heavy Plow
29:32 Arson
31:13 Elite Varangian Guard
33:14 Iron Casting
35:16 Blast Furnace
34:36 Siege Engineers
34:17 Champion
36:06 Conscription
35:33 Siege Ram
35:38 Hamask
Connection lost

Rejoining the realm…

Still unreachable

The connection could not be restored.

Session expired

The server has moved on; the page needs a fresh start.